 Dungeon Crawl Stone Soup version 0.30-a0-364-gf6b3ef1049 (webtiles) character file.

Game seed: 4747068412896795063

7929 mcwallace the Nimble (level 11, -4/54 HPs)
             Began as a Deep Elf Venom Mage on Nov 15, 2022.
             Was a High Priest of Cheibriados.
             Slain by a two-headed ogre
             ... wielding a +0 giant spiked club
              (9 damage)
             ... on level 10 of the Dungeon.
             The game lasted 00:39:15 (10044 turns).

mcwallace the Nimble (Deep Elf Venom Mage)         Turns: 10044, Time: 00:39:16

Health: -4/54      AC:  2    Str: 25    XL:     11   Next: 3%
Magic:  20/29      EV: 45    Int: 39    God:    Cheibriados [*****.]
Gold:   549        SH:  0    Dex: 40    Spells: 13/34 levels left

rFire   . . .      SeeInvis .    (weapon currently unavailable)
rCold   . . .      Faith    .    (shield currently unavailable)
rNeg    . . .      Spirit   .    (body armour currently unavailable)
rPois   x          Reflect  .    (helmet currently unavailable)
rElec   .          Harm     .    (cloak currently unavailable)
rCorr   .          Rampage  .    (gloves currently unavailable)
Will    +....                    (boots currently unavailable)
Stlth   ++++......               q - amulet of magic regeneration {@e2}
HPRegen 0.29/turn                E - +6 ring of strength
MPRegen 0.61/turn                w - +6 ring of dexterity

@: spider-form, wereblooded, very slow
A: venomous fangs, tiny
a: End Transformation, Renounce Religion, Bend Time, Temporal Distortion,
Slouch, Step From Time


You were on level 10 of the Dungeon.
You worshipped Cheibriados.
Cheibriados was extremely pleased with you.
You were a venomous arachnid creature.
You visited 1 branch of the dungeon, and saw 10 of its levels.

You collected 549 gold pieces.


   Skills:
 + Level 12.3 Dodging
 - Level 2.4 Stealth
 + Level 12.0 Spellcasting
 + Level 9.3 Conjurations
 - Level 2.6 Transmutations
 - Level 6.9 Poison Magic


You had 13 spell levels left.
You knew the following spells:

 Your Spells              Type           Power      Damage    Failure   Level
a - Sting                 Tmut/Pois      100%       1d8       2%          1
b - Poisonous Vapours     Pois/Air       100%       N/A       3%          2
c - Olgreb's Toxic Radia  Pois           67%        N/A       4%          4
d - Mephitic Cloud        Conj/Pois/Air  60%        N/A       3%          3
e - Searing Ray           Conj           100%       2d8       1%          2
f - Spider Form           Tmut/Pois      57%        N/A       4%          3
g - Wereblood             Tmut           44%        N/A       4%          2
h - Fulminant Prism       Conj/Hex       28%        3d14      9%          4

Your spell library contained the following spells:

 Spells                   Type           Power      Damage    Failure   Level
 Magic Dart               Conj           100%       1d8       1%          1
 Beastly Appendage        Tmut           88%        N/A       3%          1
 Summon Ice Beast         Ice/Summ       23%        N/A       34%         4
 Summon Mana Viper        Hex/Summ       23%        N/A       61%         5
 Monstrous Menagerie      Summ           11%        N/A       100%        7

Inventory:

Hand Weapons
 d - a +1 demon whip of venom {mace}
   (You took it off Amaemon on level 8 of the Dungeon)
 u - a +3 flail of holy wrath {mace}
   (You took it off a gnoll on level 2 of the Dungeon)
 v - a +0 whip of distortion {!wmace}
   (You took it off a gnoll on level 2 of the Dungeon)
 C - the +8 halberd "Haneij" (melded) {flame, rF+ Int+2 Dex+3, polearm}
   (You found it on level 8 of the Dungeon)

   It burns those it strikes, dealing additional fire damage.
   Big, fiery blades are also staple armaments of hydra-hunters.
   Int:       It affects your intelligence (+2).
   Dex:       It affects your dexterity (+3).
   rF:        It protects you from fire.
Missiles
 e - 87 stones {throwing}
 L - 8 boomerangs {throwing}
 Z - 5 atropa-tipped darts {throwing}
Armour
 a - a +0 robe (melded)
 p - a +2 pair of gloves (melded)
   (You found it on level 7 of the Dungeon)
 D - a scarf of resistance (melded)
   (You found it on level 7 of the Dungeon)
 M - a +0 ring mail
   (You took it off an orc on level 3 of the Dungeon)
 O - a +0 robe
   (You took it off Jessica on level 3 of the Dungeon)
 Q - a +2 helmet (melded)
   (You found it on level 3 of the Dungeon)
 S - a +0 ring mail
   (You took it off an orc on level 3 of the Dungeon)
 T - a +0 ring mail
   (You found it on level 3 of the Dungeon)
 U - a +0 ring mail
   (You found it on level 3 of the Dungeon)
 V - a +0 ring mail
   (You took it off an orc on level 4 of the Dungeon)
 W - a +0 chain mail
   (You took it off an orc on level 4 of the Dungeon)
 X - a +0 leather armour
   (You took it off an orc on level 4 of the Dungeon)
 Y - a +0 scale mail
   (You found it on level 4 of the Dungeon)
Magical Staves
 l - a staff of conjuration {!a@e2staff}
   (You found it on level 1 of the Dungeon)
 R - a staff of fire {!astaff}
   (You found it on level 3 of the Dungeon)
Jewellery
 c - a ring of ice
   (You found it on level 5 of the Dungeon)
 q - an amulet of magic regeneration (around neck) {@e2}
   (You found it on level 7 of the Dungeon)
 w - a +6 ring of dexterity (right front leg)
   (You found it on level 7 of the Dungeon)
 E - a +6 ring of strength (left front leg)
   (You found it on level 7 of the Dungeon)
 N - a ring of flight
   (You took it off an orc on level 3 of the Dungeon)
Wands
 h - a wand of flame (38)
   (You took it off a gnoll on level 6 of the Dungeon)
 y - a wand of charming (17)
   (You found it on level 2 of the Dungeon)
 K - a wand of light (7)
   (You found it on level 7 of the Dungeon)
Scrolls
 b - a scroll of magic mapping {unknown}
 f - 4 scrolls of enchant armour
 g - 2 scrolls of immolation {unknown}
 i - 2 scrolls of vulnerability {unknown}
 j - 2 scrolls of noise {unknown}
 o - a scroll of acquirement {unknown}
 s - a scroll of torment {unknown}
 t - 5 scrolls of teleportation {@r4}
 x - 3 scrolls of identify {unknown}
 F - a scroll of blinking {unknown}
 J - a scroll of fear {unknown}
Potions
 k - 2 potions of cancellation {unknown}
 m - 3 potions of curing {@q1}
 n - a potion of degeneration {unknown}
 r - a potion of attraction {unknown}
 z - a potion of berserk rage {unknown}
 A - a potion of might {unknown}
 B - a potion of mutation {unknown}
 G - 4 potions of resistance {unknown}
 H - 2 potions of lignification {unknown}
 I - a potion of heal wounds {unknown}
 P - 2 potions of haste {unknown}

Dungeon Overview and Level Annotations

Branches:
Dungeon (10/15) Zot: 40178  Temple (0/1) D:5             Orc (0/2) D:9
   Lair: D:8-11

Altars:
Cheibriados
Dithmenos
Gozag
Hepliaklqana
Makhleb
Vehumet
Zin

Shops:
D:6 =

Annotations:
D:5 2 transporters
D:8 3 runed translucent doors, experimilk's ghost, novice DrCj

#... #..#..#...... #
#...#######..#.#####
..#...#..#..#......#
........#.......#.##
......###.........##
##......###......#
#........#.....#.#
#!.#O)#..#..#..#.##
####.s#######.....#.#
#..#..#..#$.#.......# .
#........#..........#
....###.)....###.........#
#.......###...)..###....#
#.........#....)...# ....#
#..#.|.#..#..#..#..# .#..#
## #._.#######..#### ..#
#.|. #..# .#


You could see a two-headed ogre (extremely poisoned).


Message History

😨 HP[+1] MP[+1] 😨 HP[+1] MP[+2]
You regained 2 mp, and now have 25/28 mp. 😨 MP[+1]
Your transformation has ended.
The +8 halberd "Haneij" {flame, rF+ Int+2 Dex+3, polearm} unmelds from your body.
Your scarf of resistance unmelds from your body.
Your +2 helmet unmelds from your body.
Your +2 pair of gloves unmelds from your body.
Your +0 robe unmelds from your body.
The +8 halberd "Haneij" {flame, rF+ Int+2 Dex+3, polearm} bursts into flame!
You feel resistant to extremes of temperature. 😨 HP[+1] MP[+1]
Things that are here:
a +0 dagger {short}; a +0 robe; 😨 MP[+1]
Your mp is fully restored (28). 😨 HP[+1] 😨 HP[+1] 😨 HP[+1] 😨 HP[+1] 😨 HP[+1]
You start resting. 😎 HP[+32]
Your hp is fully restored (54).
H - 2 ruby potions (gained 1)
You now have 525 gold pieces (gained 16).
You now have 549 gold pieces (gained 24).
A two-headed ogre and an orc warrior come into view.
Casting: Olgreb's Toxic Radiance (dangerous; 1% risk of failure)
Confirm with . or Enter, or press ? or * to list all spells.
You begin to radiate toxic energy.
The two-headed ogre is poisoned.
The orc warrior shouts!
The orc warrior is poisoned.
The orc warrior looks even sicker. 😎 MP[-3]
You lost 3 mp, and now have 25/28 mp.
Your toxic aura wanes. 😎 MP[+1] 😎 MP[+1]
Casting: Olgreb's Toxic Radiance (dangerous; 1% risk of failure)
Confirm with . or Enter, or press ? or * to list all spells.
You begin to radiate toxic energy.
The two-headed ogre looks even sicker.
The orc warrior misses you. 😎 MP[-3]
You lost 3 mp, and now have 24/28 mp.
Casting: Olgreb's Toxic Radiance (dangerous; 1% risk of failure)
Confirm with . or Enter, or press ? or * to list all spells.
You turn into a venomous arachnid creature.
The +8 halberd "Haneij" {flame, rF+ Int+2 Dex+3, polearm} melds into your body.
Your scarf of resistance melds into your body.
Your +2 helmet melds into your body.
Your +2 pair of gloves melds into your body.
Your +0 robe melds into your body.
The +8 halberd "Haneij" {flame, rF+ Int+2 Dex+3, polearm} stops flaming.
You feel hot and cold all over.
Your toxic aura wanes.
The orc warrior completely misses you. 😎 MP[-2]
You lost 2 mp, and now have 22/28 mp.
Casting: Spider Form (dangerous; 4% risk of failure)
Confirm with . or Enter, or press ? or * to list all spells.
Your blood is infused with primal strength.
The orc warrior completely misses you. 😎 MP[-2]
You lost 2 mp, and now have 20/28 mp.
You hit the orc warrior but do no damage.
The orc warrior looks even sicker.
The orc warrior completely misses you.
The two-headed ogre completely misses you. x2 😎 MP[+1]
You hit the orc warrior. The orc warrior misses you.
Casting: Wereblood (safe; 4% risk of failure)
Confirm with . or Enter, or press ? or * to list all spells.
You begin to radiate toxic energy.
The two-headed ogre looks even sicker. x2
You kill the orc warrior!
Cheibriados thoroughly appreciates the change of pace.
The two-headed ogre completely misses you. x2
Your Spellcasting skill increases to level 12! 😎 MP[-3]
You lost 3 mp, and now have 18/29 mp.
You hit the two-headed ogre but do no damage.
The two-headed ogre looks as sick as possible! x2
The two-headed ogre completely misses you.
The two-headed ogre hits you with a +0 dire flail! 😕 HP[-12] MP[+1]
You take 12 damage, and now have 42/54 hp.
MASSIVE DAMAGE!! (PAUSE)
You hit the two-headed ogre.
Your toxic aura wanes. 😕 HP[+1]
You hit the two-headed ogre.
The two-headed ogre looks as sick as possible!
You hiss as the wereblood boils in your veins!
The two-headed ogre completely misses you. x2 😕 MP[+1]
You hit the two-headed ogre.
The two-headed ogre looks as sick as possible!
The two-headed ogre hits you with a +0 giant spiked club!!!
Ouch! That really hurt!
* * * LOW HITPOINT WARNING * * *
The two-headed ogre hits you with a +0 dire flail!
You die...

Skill      XL: |  1  2  3  4  5  6  7  8  9 10 11 |
---------------+----------------------------------+-----
Dodging        | 3 4 6 7 9 10 12 | 12.3
Transmutations | 2 |  2.6
Spellcasting   | 4 5 7 9 11 12 | 12.0
Poison Magic   | 4 5 6 |  6.9
Conjurations   | 2 5 7 9 |  9.3
Stealth        | |  2.4

Action                   |  1- 3 |  4- 6 |  7- 9 | 10-12 || total
-------------------------+-------+-------+-------+-------++-------
Melee: Dagger            |    26 |       |       |       ||    26
       Staff             |    12 |    26 |     4 |       ||    42
       Flail             |       |       |    59 |       ||    59
       Unarmed           |       |       |    57 |    34 ||    91
       Demon whip        |       |       |     1 |     5 ||     6
       Halberd           |       |       |       |    12 ||    12
       Punch             |       |       |       |     1 ||     1
 Cast: Sting             |    62 |    96 |    22 |       ||   180
       Olgreb's Toxic Ra |       |     7 |    43 |    33 ||    83
       Poisonous Vapours |       |     7 |       |       ||     7
       Spider Form       |       |       |     9 |     4 ||    13
       Searing Ray       |       |       |     4 |     1 ||     5
       Wereblood         |       |       |     2 |     2 ||     4
       Fulminant Prism   |       |       |       |     2 ||     2
  Use: Potion            |       |     1 |     2 |       ||     3
       Scroll            |       |       |     1 |     1 ||     2
 Stab: Sleeping          |     2 |     1 |       |       ||     3
Armor: Robe              |    14 |    27 |    26 |     3 ||    70
       Skin              |       |       |     6 |       ||     6
Dodge: Dodged            |    53 |    71 |   243 |    91 ||   458

Levels and vault maps discovered:
D:1:      scummos_arrival_checkerplants, layout_rooms
D:2:      layout_loops_ring, hellmonk_ecumenical_altar_defaced_shrine,
          basic_altar, minmay_3d_cube
D:3:      layout_loops_corners, uniq_jessica
D:4:      black_bear_nest_1, layout_gridville,
          mainiacjoe_overflow_concentric_impassable
D:5:      gammafunk_steamed_eel, layout_basic, minmay_temple_entry_antechambers,
          kennysheep_decorative_pillar
D:6:      layout_gridville, zin_academy, nicolae_gozag_seed_capital,
          serial_shops, shop
D:7:      layout_rooms, riverfiend_overflow_shadow_ancestor
D:8:      layout_basic, enter_bailey_2, ebering_ghost_rock_garden, uniq_pikel,
          uniq_amaemon
D:9:      layout_long_grid, david_orc_4, kennysheep_crisscross, st_stairs_4
D:10:     hangedman_cross_cluster, layout_basic, nicolae_ashenzari_panopticon,
          grunt_qazlal_sundering, serial_shops, shop_statue

Notes
Turn   | Place    | Note
-------+----------+-------------------------------------------
     0 | D:1      | mcwallace the Deep Elf Venom Mage began the quest for the
                  | Orb.
     0 | D:1      | Reached XP level 1. HP: 10/10 MP: 6/6
     0 | D:1      | magus.rc [v1.9.6]
   202 | D:1      | Reached XP level 2. HP: 15/15 MP: 6/8
   444 | D:1      | HP: 2/15 [quokka (5)]
   595 | D:1      | Reached skill level 3 in Dodging
   678 | D:1      | Reached XP level 3. HP: 18/19 MP: 10/10
   811 | D:1      | Learned a level 2 spell: Poisonous Vapours
  1006 | D:2      | Reached skill level 2 in Transmutations
  1096 | D:2      | Found a faded altar of an unknown god.
  1177 | D:2      | Prayed at the altar of an unknown god.
  1177 | D:2      | Became a worshipper of Cheibriados the Contemplative
  1177 | D:2      | Reached * piety under Cheibriados
  1299 | D:2      | Reached skill level 4 in Spellcasting
  1299 | D:2      | Reached XP level 4. HP: 23/24 MP: 6/12
  1328 | D:2      | Reached skill level 4 in Poison Magic
  1826 | D:2      | Found a burning altar of Makhleb.
  2072 | D:2      | Learned a level 4 spell: Olgreb's Toxic Radiance
  2166 | D:3      | HP: 6/24 [gnoll/+3 halberd (5)]
  2169 | D:3      | Reached ** piety under Cheibriados
  2173 | D:3      | Reached XP level 5. HP: 10/28 MP: 9/13
  2364 | D:3      | Reached skill level 4 in Dodging
  2715 | D:3      | HP: 7/28 [something (2)]
  2945 | D:3      | Noticed Jessica
  2948 | D:3      | Killed Jessica
  2949 | D:3      | Reached skill level 5 in Poison Magic
  3376 | D:4      | Reached XP level 6. HP: 19/32 MP: 5/14
  3493 | D:4      | Reached skill level 5 in Dodging
  3729 | D:4      | Found a radiant altar of Vehumet.
  3789 | D:4      | Reached *** piety under Cheibriados
  4317 | D:5      | Entered Level 5 of the Dungeon
  4353 | D:5      | Learned a level 3 spell: Mephitic Cloud
  4354 | D:5      | Found a transporter.
  4500 | D:5      | HP: 2/32 [black bear (10)]
  4502 | D:5      | Reached skill level 6 in Dodging
  4502 | D:5      | Reached skill level 6 in Poison Magic
  4502 | D:5      | Reached XP level 7. HP: 3/36 MP: 9/15
  4646 | D:5      | Found a transporter.
  4807 | D:5      | Found a staircase to the Ecumenical Temple.
  5203 | D:5      | Reached skill level 7 in Dodging
  5510 | D:6      | Found a glowing silver altar of Zin.
  5542 | D:6      | You pick up a book of Conjurations {@e2} and begin
                  | reading...
  5542 | D:6      | You add the spells Magic Dart, Searing Ray and Fulminant
                  | Prism to your library.
  5550 | D:6      | Learned a level 2 spell: Searing Ray
  5555 | D:6      | Reached skill level 5 in Spellcasting
  5555 | D:6      | Reached skill level 2 in Conjurations
  5555 | D:6      | Reached XP level 8. HP: 41/41 MP: 7/17
  5557 | D:6      | Reached **** piety under Cheibriados
  5563 | D:6      | Reached skill level 3 in Conjurations
  5714 | D:6      | Reached skill level 8 in Dodging
  5717 | D:6      | You pick up a book of Changes and begin reading...
  5717 | D:6      | You add the spells Beastly Appendage, Wereblood and Spider
                  | Form to your library.
  5720 | D:6      | Found Asiprael's Jewellery Boutique.
  5792 | D:6      | Learned a level 3 spell: Spider Form
  5842 | D:6      | Found an opulent altar of Gozag.
  5854 | D:6      | Reached skill level 6 in Spellcasting
  6145 | D:6      | Reached skill level 4 in Conjurations
  6341 | D:6      | Reached skill level 7 in Spellcasting
  6413 | D:6      | HP: 7/41 [centaur/arrow (14)]
  6418 | D:6      | HP: 6/41 [centaur (1)]
  6669 | D:7      | Reached skill level 9 in Dodging
  6672 | D:7      | Learned a level 2 spell: Wereblood
  6696 | D:7      | Reached skill level 5 in Conjurations
  6696 | D:7      | Reached XP level 9. HP: 44/45 MP: 22/22
  6702 | D:7      | You pick up a book of Beasts and begin reading...
  6702 | D:7      | You add the spells Summon Ice Beast, Summon Mana Viper and
                  | Monstrous Menagerie to your library.
  6904 | D:7      | HP: 4/45 [something (11)]
  6912 | D:7      | HP: 9/45 [something (1)]
  6915 | D:7      | Killed an unseen horror
  6916 | D:7      | Reached skill level 8 in Spellcasting
  7156 | D:7      | Found a shadowy altar of Dithmenos.
  7160 | D:7      | Found a hazy altar of Hepliaklqana.
  7551 | D:8      | Reached ***** piety under Cheibriados
  7694 | D:8      | Reached skill level 6 in Conjurations
  7708 | D:8      | Noticed Pikel
  7708 | D:8      | Noticed an orange demon
  7719 | D:8      | HP: 11/45 [orange demon[Amaemon] (9)]
  7720 | D:8      | HP: 2/45 [orange demon[Amaemon] (14)]
  7721 | D:8      | Killed an orange demon
  7722 | D:8      | Reached skill level 10 in Dodging
  7722 | D:8      | Reached skill level 9 in Spellcasting
  7805 | D:8      | Noticed Amaemon
  7820 | D:8      | Killed Amaemon
  7821 | D:8      | Reached skill level 7 in Conjurations
  7840 | D:8      | Killed Pikel
  7841 | D:8      | Reached XP level 10. HP: 28/50 MP: 22/25
  7847 | D:8      | Learned a level 4 spell: Fulminant Prism
  7904 | D:8      | Reached skill level 10 in Spellcasting
  8249 | D:8      | Identified the +8 halberd "Haneij" {flame, rF+ Int+2 Dex+3}
  8286 | D:8      | Found a runed translucent gate.
  8286 | D:8      | Found a runed translucent gate.
  8286 | D:8      | Found a runed translucent gate.
  8286 | D:8      | Noticed experimilk's ghost (novice DrCj)
  8724 | D:9      | Reached skill level 11 in Dodging
  8889 | D:9      | Reached skill level 8 in Conjurations
  8957 | D:9      | Found a staircase to the Orcish Mines.
  9368 | D:9      | Reached skill level 11 in Spellcasting
  9792 | D:10     | Entered Level 10 of the Dungeon
  9820 | D:10     | Noticed a rust devil
  9828 | D:10     | Reached skill level 12 in Dodging
  9847 | D:10     | Noticed a deep elf pyromancer
  9857 | D:10     | Killed a deep elf pyromancer
  9858 | D:10     | Reached skill level 9 in Conjurations
  9867 | D:10     | Found an opulent altar of Gozag.
  9870 | D:10     | Noticed a tengu warrior
  9885 | D:10     | HP: 12/50 [tengu warrior/+0 war axe (1)]
  9886 | D:10     | Killed a tengu warrior
  9887 | D:10     | Reached XP level 11. HP: 14/54 MP: 21/28
 10031 | D:10     | Noticed a two-headed ogre
 10041 | D:10     | Reached skill level 12 in Spellcasting
 10044 | D:10     | HP: 5/54 [two-headed ogre/+0 giant spiked club (38)]
 10044 | D:10     | Slain by a two-headed ogre

Vanquished Creatures
  A tengu warrior (D:10)
  Amaemon (D:8)
  Pikel (D:8)
  A deep elf pyromancer (D:10)
  An orange demon (D:8)
  An unseen horror (D:7)
  A kobold demonologist (D:10)
  A hornet (D:10)
  2 wyverns (D:9)
  5 yaks
  A steam dragon (D:6)
  A water moccasin (D:9)
  3 ice beasts
  3 black bears
  2 sky beasts
  5 orc warriors
  6 centaurs
  4 lemures (D:8)
  3 kobold brigands
  A phantom (D:6)
  A gnoll sergeant (D:9)
  2 necrophages
  2 scorpions (D:6)
  A bullfrog (D:9)
  7 killer bees
  5 hounds
  2 jellies
  6 orc priests
  Jessica (D:3)
  9 orc wizards
  14 gnolls
  7 adders
  A shadow imp (D:6)
  A white imp (D:6)
  A worm (D:3)
  30 orcs
  7 ball pythons
  6 bats
  5 endoplasms
  7 giant cockroaches
  9 goblins
  6 hobgoblins
  7 jackals
  3 quokkas
  A frilled lizard (D:1)
  19 kobolds
  11 rats
215 creatures vanquished.

Vanquished Creatures (others)
  2 fulminant prisms
2 creatures vanquished.

Grand Total: 217 creatures vanquished

Table legend:
 A = Non-vault XP
 B = Vault XP
 C = Vault XP percentage of total XP
 D = Non-vault monster count
 E = Vault monster count
 F = Vault count percentage of total count
                 A         B        C        D         E       F
            +---------+---------+-------+---------+---------+-------
      Total |    5694 |    5634 |  49.7 |     174 |      37 |  17.5
            +---------+---------+-------+---------+---------+-------
        D:1 |      47 |       0 |   0.0 |      28 |       0 |   0.0
        D:2 |      98 |      21 |  17.6 |      28 |       4 |  12.5
        D:3 |     173 |      37 |  17.6 |      23 |       1 |   4.2
        D:4 |      95 |     133 |  58.3 |      15 |       1 |   6.2
        D:5 |     521 |       0 |   0.0 |      12 |       0 |   0.0
        D:6 |    1555 |       0 |   0.0 |      25 |       0 |   0.0
        D:7 |     975 |       0 |   0.0 |      16 |       0 |   0.0
        D:8 |     765 |    1851 |  70.8 |      15 |       3 |  16.7
        D:9 |    1163 |    1172 |  50.2 |      11 |      21 |  65.6
       D:10 |     302 |    2420 |  88.9 |       1 |       7 |  87.5
            +---------+---------+-------+---------+---------+-------

Illustrated notes

Table legend:
 A = Kills in this place as a percentage of kills in entire the game.
 B = Kills by you in this place as a percentage of kills by you in the entire game.
 C = Kills by friends in this place as a percentage of kills by friends in the entire game.
 D = Other kills in this place as a percentage of other kills in the entire game.
 E = Experience gained in this place as a percentage of experience gained in the entire game.
 F = Experience gained in this place divided by the number of levels of this place that you have seen.
                   A       B       C       D       E      F
               +-------+-------+-------+-------+-------+----------------------
         Total | 100.0 | 100.0 |   N/A |   N/A | 100.0 | 1132.8
       Dungeon | 100.0 | 100.0 |   N/A |   N/A | 100.0 | 1132.8
               +-------+-------+-------+-------+-------+----------------------

Table legend: (Time is in decaauts)
 A = Elapsed time spent in this place.
 B = Non-inter-level travel time spent in this place.
 C = Inter-level travel time spent in this place.
 D = Time resting spent in this place.
 E = Time spent auto-exploring this place.
 F = Levels seen in this place.
 G = Mean time per level.
                   A        B        C        D        E       F      G
               +--------+--------+--------+--------+--------+-----+--------+
         Total |  14033 |  13818 |    215 |    409 |  10709 |  10 | 1403.3 |
       Dungeon |  14033 |  13818 |    215 |    409 |  10709 |  10 | 1403.3 |
               +--------+--------+--------+--------+--------+-----+--------+

Top non-repeatable levels by time:
     D:9: 2050 daAuts
     D:8: 1995 daAuts
     D:6: 1684 daAuts
     D:3: 1679 daAuts
     D:5: 1478 daAuts
     D:2: 1466 daAuts
     D:4: 1333 daAuts
     D:7: 1206 daAuts
     D:1: 820 daAuts
    D:10: 317 daAuts
